AoeStats
← Seirios

Arena

510623262Analyzed
2v2 RM · 2d ago on Oct 1, 2026· 43m 9s· 4 players
Game mode
Random Map
Map size
Medium (4 player)
Population
200
Speed
Normal
Resources
Standard
Victory
Conquest
Starting age
Dark Age
Ending age
Imperial Age
RankedLock teamsTeams togetherTeam positionsShared explorationLock speedFull tech treeHidden civsTurbo modeCheats
Victory
Defeat
🇵🇹 Vietnamese · Portugal
812
+22
🇵🇹 Persians · Portugal
737
+14
🇨🇦 Cumans · Canada
732
-14
🇨🇴 Shu · Colombia
692
-12
Seirios
4:14 Loom
12:35 Feudal Age
13:25 Double-Bit Axe
14:14 Horse Collar
18:48 Castle Age
17:03 Scale Barding Armor
17:09 Forging
17:17 Gold Mining
18:01 Fletching
isarco25girasoles
10:41 Feudal Age
11:50 Horse Collar
12:16 Double-Bit Axe
13:19 Gold Mining
15:28 Man-at-Arms
17:34 Forging
22:22 Castle Age
21:07 Scale Mail Armor
22:36 Stone Mining
22:47 Long Swordsman
24:04 Padded Archer Armor
24:38 Crossbowman
26:18 Pikeman
27:52 Husbandry
28:21 Gambesons
31:12 Heavy Plow
34:21 Chain Mail Armor
34:21 Leather Archer Armor
34:17 Thumb Ring
35:13 Wheelbarrow
39:20 Imperial Age
37:06 Hand Cart
37:33 Gold Shaft Mining
37:04 Murder Holes
37:30 Ballistics
37:27 Fletching
41:20 Heavy Hei Guang Cavalry
paraglider_4
11:44 Feudal Age
12:15 Double-Bit Axe
12:14 Horse Collar
18:37 Castle Age
19:58 Scale Barding Armor
20:05 Forging
20:08 Heavy Plow
20:46 Wheelbarrow
22:06 Stone Mining
23:14 Bow Saw
22:54 Loom
22:55 Town Watch
23:53 Iron Casting
24:52 Fletching
25:11 Husbandry
25:22 Bloodlines
27:17 Elite Skirmisher
28:02 Thumb Ring
27:58 Murder Holes
28:14 Masonry
28:16 Fortified Wall
27:48 Treadmill Crane
31:13 Hand Cart
31:40 Chain Barding Armor
32:39 Ballistics
33:06 Fletching
33:17 Padded Archer Armor
33:19 Scale Mail Armor
33:11 Arson
33:27 Squires
32:47 Pikeman
33:49 Hand Cart
33:38 Town Patrol
33:44 Gold Mining
34:30 Stone Shaft Mining
34:19 Crossbowman
35:23 Leather Archer Armor
35:03 Bodkin Arrow
41:49 Imperial Age
40:18 Chain Mail Armor
42:09 Imperial Skirmisher
SLUG
10:23 Feudal Age
11:52 Loom
16:44 Castle Age
17:48 Double-Bit Axe
18:03 Stone Mining
18:52 Bow Saw
21:37 Wheelbarrow
21:09 Horse Collar
24:33 Crossbowman
29:58 Kamandaran
32:14 Thumb Ring
34:53 Imperial Age
33:53 Hand Cart
33:24 Town Watch
35:03 Heavy Plow
35:55 Conscription
35:39 Gold Mining
37:23 Forging
37:22 Scale Barding Armor
39:28 Fletching
39:38 Padded Archer Armor
40:15 Iron Casting
41:39 Bodkin Arrow
42:00 Leather Archer Armor
Connection lost

Rejoining the realm…

Still unreachable

The connection could not be restored.

Session expired

The server has moved on; the page needs a fresh start.